TOP OF THE 1ST |
Idaho Falls Chukars batting - Pitching for Staten Island Yankees : RHP Nate LaCava
|
Pitching: RHP Nate LaCava
|
|
Batting: LHB John Wagner
|
0-0: Ball 1-0: Called Strike 1-1: Called Strike 1-2: Foul Ball, location: 2F 1-2: Strikes out swinging
|
Batting: RHB Kevin Allen
|
0-0: Ball 1-0: Called Strike 1-1: Swinging Strike 1-2: Ball 2-2: Foul Ball, location: 2F 2-2: Strikes out swinging
|
Batting: RHB Jeremy Haun
|
0-0: Ball 1-0: SINGLE (Groundball, 25, EV 70.6 MPH) (infield hit)
|
Batting: RHB Ken Postlethwaite
|
0-0: Called Strike 0-1: Ball 1-1: Ball 2-1: Ground out 4-3 (Groundball, 34D, EV 96.3 MPH)
|
Top of the 1st over - 0 runs, 1 hit, 0 errors, 1 left on base; Idaho Falls 0 - Staten Island 0 |
BOTTOM OF THE 1ST |
Staten Island Yankees batting - Pitching for Idaho Falls Chukars : LHP Walter Whiteman
|
Pitching: LHP Walter Whiteman
|
|
Batting: RHB Luwen Storm
|
0-0: Ball 1-0: TRIPLE (Groundball, 5L, EV 110.0 MPH)
|
Batting: RHB Steve Martin
|
0-0: Called Strike 0-1: Ball 1-1: Ball 2-1: Foul Ball, location: 2F 2-2: Strikes out swinging
|
Batting: RHB Andres Valles
|
0-0: Ball 1-0: Foul Ball, location: 2F 1-1: Ball Wild Pitch! Luwen Storm scores 2-1: Called Strike 2-2: Foul Ball, location: 2F 2-2: Strikes out looking
|
Batting: LHB Roald Jacobs
|
0-0: Called Strike 0-1: Foul Ball, location: 2F 0-2: Ball 1-2: Strikes out swinging
|
Bottom of the 1st over - 1 run, 1 hit, 0 errors, 0 left on base; Idaho Falls 0 - Staten Island 1 |
TOP OF THE 2ND |
Idaho Falls Chukars batting - Pitching for Staten Island Yankees : RHP Nate LaCava
|
Batting: RHB Nate De Jongh
|
0-0: Foul Ball, location: 2F 0-1: Foul Ball, location: 2F 0-2: Ground out U3 (Groundball, 34S, EV 68.1 MPH)
|
Batting: RHB Eric Dyer
|
0-0: Ball 1-0: Ball 2-0: Swinging Strike 2-1: Foul Ball, location: 2F 2-2: Foul Ball, location: 2F 2-2: Strikes out swinging
|
Batting: RHB Eric Erickson
|
0-0: Ball 1-0: Swinging Strike 1-1: Ball 2-1: Fly out, F9 (Flyball, 9, EV 81.9 MPH)
|
Top of the 2nd over - 0 runs, 0 hits, 0 errors, 0 left on base; Idaho Falls 0 - Staten Island 1 |
BOTTOM OF THE 2ND |
Staten Island Yankees batting - Pitching for Idaho Falls Chukars : LHP Walter Whiteman
|
Batting: SHB Reagan Dudley
|
0-0: Foul Ball, location: 2F 0-1: Swinging Strike 0-2: Ball 1-2: Ball 2-2: Ball 3-2: Foul Ball, location: 2F 3-2: Foul Ball, location: 2F 3-2: Foul Ball, location: 2F 3-2: Foul Ball, location: 2F 3-2: Ground out 5-3 (Groundball, 56S, EV 76.3 MPH)
|
Pitching: RHP Travis Stump
|
|
Batting: LHB Tatsuo Yasui
|
0-0: Ball 1-0: Called Strike 1-1: Called Strike 1-2: Fly out, F9 (Line Drive, 9D, EV 86.3 MPH)
|
Batting: RHB Chris Diaz
|
0-0: Foul Ball, location: 2F 0-1: Ball 1-1: Ball 2-1: Called Strike 2-2: Fly out, F9 (Flyball, 9D, EV 93.8 MPH)
|
Bottom of the 2nd over - 0 runs, 0 hits, 0 errors, 0 left on base; Idaho Falls 0 - Staten Island 1 |
TOP OF THE 3RD |
Idaho Falls Chukars batting - Pitching for Staten Island Yankees : RHP Nate LaCava
|
Batting: RHB Timotheus Cooper
|
0-0: Ball 1-0: Ball 2-0: Called Strike 2-1: DOUBLE (Flyball, 8RXD, EV 101.3 MPH)
|
Batting: RHB Gabe Torres
|
0-0: Ground out 6-3 (Groundball, 6, EV 103.8 MPH)
|
Batting: LHB John Wagner
|
0-0: Ball 1-0: Ball 2-0: Swinging Strike 2-1: Ball 3-1: Foul Ball, location: 2F 3-2: Foul Ball, location: 2F 3-2: Base on Balls
|
Batting: RHB Kevin Allen
|
0-0: Ball 1-0: Called Strike 1-1: Swinging Strike 1-2: Foul Ball, location: 2F 1-2: Strikes out swinging
|
Batting: RHB Jeremy Haun
|
0-0: Ball 1-0: Ball Wild Pitch! Timotheus Cooper to third John Wagner to second 2-0: Reached on error, E5 (Groundball, 56, EV 86.3 MPH) Timotheus Cooper scores John Wagner to third
|
Batting: RHB Ken Postlethwaite
|
0-0: Foul Ball, location: 2F 0-1: SINGLE (Line Drive, 9S, EV 98.8 MPH) John Wagner scores Jeremy Haun to second Runner from 2nd tries for 3rd, SAFE, throw by RF made to third
|
Batting: RHB Nate De Jongh
|
0-0: Swinging Strike 0-1: Foul Ball, location: 2F 0-2: Ball 1-2: Ball 2-2: Strikes out swinging
|
Top of the 3rd over - 2 runs, 2 hits, 1 error, 2 left on base; Idaho Falls 2 - Staten Island 1 |
BOTTOM OF THE 3RD |
Staten Island Yankees batting - Pitching for Idaho Falls Chukars : RHP Travis Stump
|
Batting: RHB Chris Yancey
|
0-0: Foul Ball, location: 2F 0-1: Called Strike 0-2: Strikes out swinging
|
Batting: LHB Mario Hurtado
|
0-0: Ball 1-0: Called Strike 1-1: Foul Ball, location: 2F 1-2: Ball 2-2: Ball 3-2: Ground out 6-3 (Groundball, 6, EV 91.3 MPH)
|
Batting: RHB Luwen Storm
|
0-0: Called Strike 0-1: Ball 1-1: Ball 2-1: Foul Ball, location: 2F 2-2: Ball 3-2: Foul Ball, location: 2F 3-2: Foul Ball, location: 2F 3-2: Fly out, F8 (Line Drive, 8LD, EV 98.8 MPH)
|
Bottom of the 3rd over - 0 runs, 0 hits, 0 errors, 0 left on base; Idaho Falls 2 - Staten Island 1 |
TOP OF THE 4TH |
Idaho Falls Chukars batting - Pitching for Staten Island Yankees : RHP Nate LaCava
|
Batting: RHB Eric Dyer
|
0-0: Called Strike 0-1: Ball 1-1: Swinging Strike 1-2: Ball 2-2: Strikes out swinging
|
Batting: RHB Eric Erickson
|
0-0: Ball 1-0: Called Strike 1-1: Called Strike 1-2: Fly out, F8 (Line Drive, 8RM, EV 93.1 MPH)
|
Batting: RHB Timotheus Cooper
|
0-0: Ball 1-0: Called Strike 1-1: Ball 2-1: Swinging Strike 2-2: Ball 3-2: Foul Ball, location: 2F 3-2: Strikes out swinging
|
Top of the 4th over - 0 runs, 0 hits, 0 errors, 0 left on base; Idaho Falls 2 - Staten Island 1 |
BOTTOM OF THE 4TH |
Staten Island Yankees batting - Pitching for Idaho Falls Chukars : RHP Travis Stump
|
Batting: RHB Steve Martin
|
0-0: Foul Ball, location: 2F 0-1: Ground out 4-3 (Groundball, 4, EV 88.8 MPH)
|
Batting: RHB Andres Valles
|
0-0: Ball 1-0: Foul Ball, location: 2F 1-1: Foul Ball, location: 2F 1-2: Strikes out swinging
|
Batting: LHB Roald Jacobs
|
0-0: SINGLE (Line Drive, 9LM, EV 101.9 MPH)
|
Batting: SHB Reagan Dudley
|
0-0: Ball Roald Jacobs steals 2nd base 1-0: Ball 2-0: Ball 3-0: Called Strike 3-1: Base on Balls
|
Batting: LHB Tatsuo Yasui
|
0-0: Ball 1-0: Ball 2-0: Ball Wild Pitch! Roald Jacobs to third Reagan Dudley to second 3-0: Base on Balls
|
Batting: RHB Chris Diaz
|
0-0: Called Strike 0-1: Ball 1-1: Swinging Strike 1-2: Fielders Choice at 2nd, 6-4 (Groundball, 6, EV 91.9 MPH)
|
Bottom of the 4th over - 0 runs, 1 hit, 0 errors, 3 left on base; Idaho Falls 2 - Staten Island 1 |
TOP OF THE 5TH |
Idaho Falls Chukars batting - Pitching for Staten Island Yankees : RHP Nate LaCava
|
Batting: RHB Gabe Torres
|
0-0: Swinging Strike 0-1: Swinging Strike 0-2: Ball 1-2: Ball 2-2: Strikes out swinging
|
Batting: LHB John Wagner
|
0-0: Foul Ball, location: 2F 0-1: Ball 1-1: Fly out, F8 (Flyball, 8LS, EV 75.0 MPH)
|
Batting: RHB Kevin Allen
|
0-0: Ball 1-0: Ball 2-0: Called Strike 2-1: Ground out 4-3 (Groundball, 34, EV 111.9 MPH)
|
Top of the 5th over - 0 runs, 0 hits, 0 errors, 0 left on base; Idaho Falls 2 - Staten Island 1 |
BOTTOM OF THE 5TH |
Staten Island Yankees batting - Pitching for Idaho Falls Chukars : RHP Travis Stump
|
Batting: RHB Chris Yancey
|
0-0: SINGLE (Line Drive, 8RS, EV 105.6 MPH)
|
Batting: LHB Mario Hurtado
|
0-0: Ball 1-0: Swinging Strike 1-1: Ball 2-1: Foul Ball, location: 2F 2-2: Grounds into double play, 6-4-3 (Groundball, 6S, EV 83.8 MPH)
|
Batting: RHB Luwen Storm
|
0-0: Ball 1-0: Swinging Strike 1-1: Foul Ball, location: 2F 1-2: Ball 2-2: Fly out, F7 (Flyball, 7LD, EV 110.0 MPH)
|
Bottom of the 5th over - 0 runs, 1 hit, 0 errors, 0 left on base; Idaho Falls 2 - Staten Island 1 |
TOP OF THE 6TH |
Idaho Falls Chukars batting - Pitching for Staten Island Yankees : RHP Nate LaCava
|
Batting: RHB Jeremy Haun
|
0-0: Ball 1-0: Ball 2-0: Ball 3-0: Fly out, F5 (Popup, 5SF, EV 85.6 MPH)
|
Batting: RHB Ken Postlethwaite
|
0-0: Ball 1-0: TRIPLE (Line Drive, 8LXD, EV 105.0 MPH)
|
Batting: RHB Nate De Jongh
|
0-0: Foul Ball, location: 2F 0-1: Ground out U3 (Groundball, 3S, EV 83.1 MPH)
|
Batting: RHB Eric Dyer
|
0-0: Ball 1-0: Ball 2-0: Called Strike 2-1: Ball 3-1: Called Strike 3-2: Strikes out looking
|
Top of the 6th over - 0 runs, 1 hit, 0 errors, 1 left on base; Idaho Falls 2 - Staten Island 1 |
BOTTOM OF THE 6TH |
Staten Island Yankees batting - Pitching for Idaho Falls Chukars : RHP Travis Stump
|
Batting: RHB Steve Martin
|
0-0: Ball 1-0: Foul Ball, location: 2F 1-1: Ball 2-1: Ball 3-1: Base on Balls
|
Pitching: RHP Ted Splawn
|
|
Batting: RHB Andres Valles
|
0-0: Ball Balk! Steve Martin to second 1-0: Foul Ball, location: 2F 1-1: Called Strike 1-2: Foul Ball, location: 2F 1-2: Foul Ball, location: 2F 1-2: Ball 2-2: Ball 3-2: Strikes out swinging
|
Batting: LHB Roald Jacobs
|
0-0: Swinging Strike 0-1: Ball 1-1: Ball 2-1: Swinging Strike 2-2: Ball 3-2: Fly out, F8 (Flyball, 8RXD, EV 100.0 MPH)
|
Batting: SHB Reagan Dudley
|
0-0: Called Strike 0-1: Ball 1-1: Called Strike 1-2: Ball Balk! Steve Martin to third 2-2: Foul Ball, location: 2F 2-2: Ground out 6-3 (Groundball, 6MS, EV 70.6 MPH)
|
Bottom of the 6th over - 0 runs, 0 hits, 0 errors, 1 left on base; Idaho Falls 2 - Staten Island 1 |
TOP OF THE 7TH |
Idaho Falls Chukars batting - Pitching for Staten Island Yankees : RHP Nate LaCava
|
Batting: RHB Eric Erickson
|
0-0: Foul Ball, location: 2F 0-1: Foul Ball, location: 2F 0-2: Strikes out swinging
|
Batting: RHB Timotheus Cooper
|
0-0: DOUBLE (Line Drive, 5D, EV 97.5 MPH)
|
Pitching: RHP Gustavo Amparo
|
|
Batting: RHB Gabe Torres
|
0-0: Called Strike 0-1: Ball 1-1: Ball 2-1: Swinging Strike 2-2: Ball 3-2: Ground out 4-3 (Groundball, 4, EV 103.1 MPH) Timotheus Cooper to third
|
Batting: LHB John Wagner
|
0-0: Intentional Walk
|
Batting: RHB Kevin Allen
|
0-0: Ground out 4-3 (Groundball, 4, EV 80.0 MPH)
|
Top of the 7th over - 0 runs, 1 hit, 0 errors, 2 left on base; Idaho Falls 2 - Staten Island 1 |
BOTTOM OF THE 7TH |
Staten Island Yankees batting - Pitching for Idaho Falls Chukars : RHP Ted Splawn
|
Batting: LHB Tatsuo Yasui
|
0-0: Called Strike 0-1: Ball 1-1: Swinging Strike 1-2: SINGLE (Line Drive, 8LS, EV 96.9 MPH)
|
Pinch Hitting: LHB Sergio Corona
|
0-0: Ball Tatsuo Yasui steals 2nd base 1-0: Foul Ball, location: 2F 1-1: Ball 2-1: Ball 3-1: Base on Balls
|
Batting: RHB Chris Yancey
|
0-0: Swinging Strike 0-1: Ball 1-1: Foul Ball, location: 2F 1-2: Ball 2-2: Foul Ball, location: 2F 2-2: Strikes out swinging
|
Batting: LHB Mario Hurtado
|
0-0: Called Strike Tatsuo Yasui steals 3rd base 0-1: Ball 1-1: Called Strike 1-2: Ball 2-2: Strikes out looking
|
Batting: RHB Luwen Storm
|
0-0: Ball 1-0: Ball 2-0: Foul Ball, location: 2F 2-1: Fielders Choice at 2nd, 5-4 (Groundball, 56, EV 90.6 MPH)
|
Bottom of the 7th over - 0 runs, 1 hit, 0 errors, 2 left on base; Idaho Falls 2 - Staten Island 1 |
TOP OF THE 8TH |
Idaho Falls Chukars batting - Pitching for Staten Island Yankees : RHP Gustavo Amparo
|
Now at 3B: Lorenzo Vasquez
|
|
Batting: RHB Jeremy Haun
|
0-0: Swinging Strike 0-1: Ball 1-1: Foul Ball, location: 2F 1-2: Strikes out swinging
|
Batting: RHB Ken Postlethwaite
|
0-0: Ball 1-0: Foul Ball, location: 2F 1-1: Ball 2-1: Foul Ball, location: 2F 2-2: DOUBLE (Groundball, 5L, EV 103.8 MPH)
|
Batting: RHB Nate De Jongh
|
0-0: Swinging Strike 0-1: Foul Ball, location: 2F 0-2: Ball Wild Pitch! Ken Postlethwaite to third 1-2: Strikes out swinging
|
Batting: RHB Eric Dyer
|
0-0: Ball 1-0: Swinging Strike 1-1: Called Strike 1-2: Foul Ball, location: 2F 1-2: Strikes out swinging
|
Top of the 8th over - 0 runs, 1 hit, 0 errors, 1 left on base; Idaho Falls 2 - Staten Island 1 |
BOTTOM OF THE 8TH |
Staten Island Yankees batting - Pitching for Idaho Falls Chukars : RHP Ted Splawn
|
Pitching: LHP Jake Warwick
|
|
Batting: RHB Steve Martin
|
0-0: Ball 1-0: Called Strike 1-1: SINGLE (Groundball, 34S, EV 75.0 MPH) (infield hit)
|
Pitching: RHP Rick Young
|
|
Batting: RHB Andres Valles
|
0-0: Ball 1-0: Ball Wild Pitch! Steve Martin to second 2-0: Ball 3-0: Foul Ball, location: 2F 3-1: Ground out 3-1 (Groundball, 34S, EV 89.4 MPH) Steve Martin to third
|
Batting: LHB Roald Jacobs
|
0-0: Ball 1-0: Ball 2-0: Foul Ball, location: 2F 2-1: Foul Ball, location: 2F 2-2: Ball 3-2: Base on Balls
|
Batting: SHB Reagan Dudley
|
0-0: Ball 1-0: Foul Ball, location: 2F 1-1: Ball 2-1: Ball 3-1: Base on Balls Roald Jacobs to second
|
Batting: LHB Tatsuo Yasui
|
0-0: Ball 1-0: Ball 2-0: Ball 3-0: Base on Balls Steve Martin scores Roald Jacobs to third Reagan Dudley to second
|
Batting: RHB Lorenzo Vasquez
|
0-0: Called Strike 0-1: Foul Ball, location: 2F 0-2: Ball 1-2: DOUBLE (Line Drive, 78XD, EV 108.1 MPH) Roald Jacobs scores Reagan Dudley scores Tatsuo Yasui to third
|
Batting: RHB Chris Yancey
|
0-0: Called Strike 0-1: SINGLE (Line Drive, 3D, EV 99.4 MPH) Tatsuo Yasui scores Lorenzo Vasquez to third
|
Pitching: RHP Rich Frontczak
|
|
Batting: LHB Mario Hurtado
|
0-0: Foul Ball, location: 2F 0-1: Ball 1-1: Foul Ball, location: 2F 1-2: TRIPLE (Line Drive, 7D, EV 107.5 MPH) Lorenzo Vasquez scores Chris Yancey scores
|
Batting: RHB Luwen Storm
|
0-0: Swinging Strike 0-1: Ball 1-1: Ball 2-1: Swinging Strike 2-2: Foul Ball, location: 2F 2-2: Ball 3-2: Foul Ball, location: 2F 3-2: Foul Ball, location: 2F 3-2: Strikes out looking
|
Batting: RHB Steve Martin
|
0-0: Called Strike 0-1: Ground out 6-3 (Groundball, 6, EV 85.6 MPH)
|
Bottom of the 8th over - 6 runs, 4 hits, 0 errors, 1 left on base; Idaho Falls 2 - Staten Island 7 |
TOP OF THE 9TH |
Idaho Falls Chukars batting - Pitching for Staten Island Yankees : RHP Gustavo Amparo
|
Batting: RHB Eric Erickson
|
0-0: Called Strike 0-1: Ball 1-1: Ball 2-1: Ground out 6-3 (Groundball, 6, EV 93.8 MPH)
|
Batting: RHB Timotheus Cooper
|
0-0: Ball 1-0: Ground out 4-3 (Groundball, 4S, EV 66.3 MPH)
|
Batting: RHB Gabe Torres
|
0-0: Called Strike 0-1: Ground out 3-1 (Groundball, 34S, EV 87.5 MPH)
|
Top of the 9th over - 0 runs, 0 hits, 0 errors, 0 left on base; Idaho Falls 2 - Staten Island 7 |
|